 Dungeon Crawl Stone Soup version 0.29-a0-844-ge8845773e3 (webtiles) character file.

Game seed: 1385628536802064543

10432 Locuples the Basher (level 11, -9/102 HPs)
             Began as a Minotaur Fighter on July 15, 2022.
             Was a Priest of the Shining One.
             Mangled by an orc knight
             ... wielding a +0 broad axe
              (19 damage)
             ... in a bailey.
             The game lasted 00:18:45 (7038 turns).

Locuples the Basher (Minotaur Fighter)              Turns: 7038, Time: 00:18:46

Health: -9/102     AC: 18    Str: 24    XL:     11   Next: 36%
Magic:  8/8        EV: 11    Int:  3    God:    the Shining One [***...]
Gold:   2129       SH:  0    Dex: 11    Spells: 10/10 levels left

rFire   . . .      SeeInvis .   a - +0 flail
rCold   . . .      Faith    .   c - +0 buckler
rNeg    + . .      Spirit   .   b - +0 plate armour
rPois   .          Reflect  .   G - +0 hat
rElec   .          Harm     .   (no cloak)
rCorr   .          Rampage  .   w - +2 pair of gloves
Will    .....                   (no boots)
Stlth   ..........              (no amulet)
HPRegen 0.27/turn               o - +4 ring of evasion
MPRegen 0.11/turn               (no ring)

@: confused, ambrosia-drunk, glowing
A: horns 2, retaliatory headbutt, talons 1, dopey 1, low MP 1
a: Renounce Religion, Divine Shield, Cleansing Flame


You were in a bailey.
You worshipped the Shining One.
The Shining One was most pleased with you.
You visited 1 branch of the dungeon, and saw 7 of its levels.
You also visited: Sewer and Bailey.

You collected 2129 gold pieces.

Inventory:

Hand Weapons
 a - a +0 flail (weapon)
 g - a +2 whip of electrocution
Armour
 b - a +0 plate armour (worn)
 c - a +0 buckler (worn)
 w - a +2 pair of gloves (worn)
 G - a +0 hat (worn)
Jewellery
 o - a +4 ring of evasion (left hand)
 x - a ring of willpower
 F - a ring of resist corrosion
Wands
 d - a wand of roots (8)
 l - a wand of polymorph (5)
 q - a wand of light (4)
 y - a wand of paralysis (23)
Scrolls
 e - 2 scrolls of fog
 h - a scroll of torment {unknown}
 i - 5 scrolls of amnesia
 m - 4 scrolls of enchant weapon {unknown}
 s - a scroll of enchant armour {unknown}
 u - a scroll of vulnerability {unknown}
 z - a scroll of fear
 B - 2 scrolls of teleportation
 D - a scroll of summoning {unknown}
Potions
 f - a potion of degeneration {unknown}
 j - 2 potions of magic
 k - 2 potions of resistance
 n - 2 potions of cancellation
 p - 2 potions of flight
 t - 6 potions of curing


   Skills:
 + Level 11.5 Fighting
 + Level 12.6 Maces & Flails
 - Level 4.9 Polearms
 - Level 4.4 Ranged Weapons
 + Level 11.5 Armour
 + Level 10.2 Shields


You had 10 spell levels left.
You didn't know any spells.
Your spell library contained the following spells:

 Spells                   Type           Power      Damage    Failure   Level
 Foxfire                  Conj/Fire      0%         2x1d4     100%        1
 Conjure Flame            Conj/Fire      0%         6-21      100%        3
 Inner Flame              Hex/Fire       0%         N/A       100%        3
 Flame Wave               Conj/Fire      0%         2d4       100%        4


Dungeon Overview and Level Annotations

Branches:
Dungeon (7/15)             Temple (0/1) D:6           Sewer (visited)
 Bailey (1/1)

Altars:
Ashenzari
Elyvilon
Nemelex Xobeh
Qazlal
Yredelemnul
The Shining One


Innate Abilities, Weirdness & Mutations

You have a pair of horns on your head.
You reflexively headbutt those who attack you in melee.
You have sharp toenails.
You are dopey. (Int -2)
Your magical capacity is low. (-10% MP)


Message History

You hit the kobold brigand but do no damage.
You claw the kobold brigand.
The kobold brigand is moderately wounded.
The orc knight hits you with a +0 broad axe!
The kobold brigand barely misses you.
You feel much better.
The orc knight hits you with a +0 broad axe.
The kobold brigand misses you. You furiously retaliate!
You headbutt the kobold brigand! You barely miss the kobold brigand.
You claw the kobold brigand, but do no damage.
The kobold brigand is severely wounded.
The orc knight closely misses you. You furiously retaliate!
You headbutt the orc knight, but do no damage.
The kobold brigand hits you but does no damage.
You thump the kobold brigand!
You kill the kobold brigand!
The orc knight hits you with a +0 broad axe!!
You barely miss the orc knight.
You claw the orc knight, but do no damage.
The orc knight is moderately wounded.
The orc knight hits you with a +0 broad axe!!
You sock the orc knight!
You claw the orc knight, but do no damage.
The orc knight is moderately wounded.
You are confused.
You feel invigorated.
The orc knight hits you with a +0 broad axe!!
* * * LOW HITPOINT WARNING * * *
You bump into the stone wall.
The orc knight hits you with a +0 broad axe!
* * * LOW HITPOINT WARNING * * *
The orc knight completely misses you.
There is an open door here.
You bump into the granite statue.
The orc knight hits you with a +0 broad axe!!
* * * LOW HITPOINT WARNING * * *
You're too confused to move!
The orc knight hits you with a +0 broad axe!!
You die...

###.?/.(.$!.###
#.............#
...............
...............
#.............#
#...))....# #)..#
###o### ##..(@.##
#...8...# #∩....}∩#
##...))##
####'''####
##≈.......≈##
##≈≈.......≈≈#####
..≈≈......[≈≈....#
###≈≈.......≈≈###.#


You could see an orc knight.

Vanquished Creatures
  An orc knight (Bailey)
  Grinder (D:3)
  A wyvern (D:5)
  A water moccasin (D:7)
  A black bear (D:6)
  3 ice beasts
  2 orc warriors
  4 ogres
  A phantom (D:7)
  7 kobold brigands
  3 bullfrogs
  A necrophage (D:6)
  2 scorpions
  6 wights
  2 electric eels (D:6)
  2 jellies
  3 hounds
  A gnoll bouda (D:7)
  7 orc priests
  Terence (D:3)
  3 iguanas
  6 orc wizards
  8 gnolls
  13 adders
  6 river rats
  A shadow imp (D:6)
  A white imp (D:6)
  3 ufetubi
  3 dart slugs
  8 orcs
  16 ball pythons
  10 endoplasms
  5 giant cockroaches
  10 goblins
  8 hobgoblins
  4 jackals (D:2)
  5 quokkas
  9 bats
  5 frilled lizards
  19 kobolds
  32 rats
225 creatures vanquished.

Vanquished Creatures (others)
  42 plants (D:5)
42 creatures vanquished.

Grand Total: 267 creatures vanquished

Notes
Turn   | Place    | Note
-------+----------+-------------------------------------------
     0 | D:1      | Locuples the Minotaur Fighter began the quest for the Orb.
     0 | D:1      | Reached XP level 1. HP: 19/19 MP: 0/0
    25 | D:1      | Found a faded altar of an unknown god.
   214 | D:1      | Reached XP level 2. HP: 9/27 MP: 1/1
  1305 | D:2      | Reached XP level 3. HP: 33/33 MP: 2/2
  1442 | D:2      | Reached skill level 3 in Maces & Flails
  1603 | D:2      | Reached XP level 4. HP: 39/40 MP: 3/3
  2029 | D:3      | Gained mutation: You are agile. (Dex +4, Str/Int -1)
                  | [potion of mutation]
  2079 | D:3      | Noticed Grinder
  2079 | D:3      | Paralysed by Grinder for 3 turns
  2094 | D:3      | Killed Grinder
  2095 | D:3      | Reached skill level 5 in Maces & Flails
  2095 | D:3      | Reached skill level 5 in Armour
  2095 | D:3      | Reached XP level 5. HP: 23/47 MP: 4/4
  2095 | D:3      | Reached XP level 6. HP: 26/53 MP: 5/5
  2303 | D:3      | Found a basalt altar of Yredelemnul.
  2305 | D:3      | Noticed a profane servitor
  2323 | D:3      | Found a glowing golden altar of the Shining One.
  2325 | D:3      | Noticed an angel
  2330 | D:3      | Became a worshipper of the Shining One
  2366 | D:3      | Noticed Terence
  2373 | D:3      | Killed Terence
  2615 | D:3      | Reached skill level 5 in Shields
  2867 | D:4      | Reached skill level 6 in Maces & Flails
  2873 | D:4      | Lost mutation: You are agile. (Dex +4, Str/Int -1) [potion
                  | of mutation]
  2873 | D:4      | Gained mutation: You are dopey. (Int -2) [potion of
                  | mutation]
  2873 | D:4      | Gained mutation: You are resistant to electric shocks.
                  | (rElec) [potion of mutation]
  2873 | D:4      | Gained mutation: You are frail. (-10% HP) [potion of
                  | mutation]
  2873 | D:4      | Gained mutation: You possess an exceptional clarity of
                  | mind. [potion of mutation]
  3313 | D:5      | Entered Level 5 of the Dungeon
  3369 | D:5      | Reached skill level 5 in Fighting
  3394 | D:5      | Reached XP level 7. HP: 33/54 MP: 6/6
  3537 | D:5      | Found a glowing drain.
  3554 | Sewer    | Entered a sewer
  3746 | Sewer    | Lost mutation: You are frail. (-10% HP) [potion of
                  | mutation]
  3746 | Sewer    | Lost mutation: You are resistant to electric shocks.
                  | (rElec) [potion of mutation]
  3746 | Sewer    | Gained mutation: You have sharp toenails. [potion of
                  | mutation]
  3746 | Sewer    | Gained mutation: Your magical capacity is low. (-10% MP)
                  | [potion of mutation]
  3746 | Sewer    | Lost mutation: You possess an exceptional clarity of mind.
                  | [potion of mutation]
  3804 | Sewer    | Reached * piety under the Shining One
  3888 | Sewer    | Reached skill level 7 in Maces & Flails
  4082 | D:5      | Found a stormy altar of Qazlal.
  4119 | D:5      | Noticed a wyvern
  4126 | D:5      | Killed a wyvern
  4130 | D:5      | Reached XP level 8. HP: 69/69 MP: 6/6
  4524 | D:5      | Reached skill level 8 in Maces & Flails
  4818 | D:6      | Identified 3 scrolls of acquirement
  4818 | D:6      | Acquired a +0 hat
  4829 | D:6      | Acquired 520 gold pieces
  4830 | D:6      | Acquired 1174 gold pieces
  4838 | D:6      | Found a sparkling altar of Nemelex Xobeh.
  4986 | D:6      | Found a staircase to the Ecumenical Temple.
  5484 | D:6      | Reached skill level 9 in Maces & Flails
  5489 | D:6      | Found a white marble altar of Elyvilon.
  5490 | D:6      | Found a broken altar of Ashenzari.
  5750 | D:6      | Reached XP level 9. HP: 78/78 MP: 7/7
  5827 | D:6      | Reached ** piety under the Shining One
  5989 | D:6      | Reached skill level 10 in Fighting
  5989 | D:6      | Reached skill level 11 in Maces & Flails
  5989 | D:6      | Reached XP level 10. HP: 93/93 MP: 8/8
  5990 | D:6      | Reached skill level 12 in Maces & Flails
  5990 | D:6      | Reached skill level 10 in Shields
  5990 | D:6      | Reached XP level 11. HP: 102/102 MP: 8/8
  6593 | D:7      | Found a flagged portal.
  6605 | Bailey   | Entered a bailey
  6623 | Bailey   | Reached *** piety under the Shining One
  6726 | Bailey   | Noticed an orc knight
  6752 | Bailey   | Killed an orc knight
  7017 | Bailey   | Noticed an orc knight
  7018 | Bailey   | Found an iron altar of Okawaru.
  7037 | Bailey   | HP: 5/102 [orc knight/+0 broad axe (25)]
  7038 | Bailey   | Mangled by an orc knight

Illustrated notes

Levels and vault maps discovered:
D:1:      minmay_arrival_checkered_box, layout_basic,
          ebering_ecumenical_altar_abandoned
D:2:      layout_basic, minmay_misc_feat_iff, serial_bayou_pond_e,
          minmay_tetromino_t2
D:3:      layout_rooms, grunt_temple_overflow_holy_war, uniq_terence,
          uniq_grinder
D:4:      layout_rooms
D:5:      layout_basic, mainiacjoe_overflow_brackets, portal_sewer_entry_b,
          minmay_fountain_box, serial_bayou_lagoon_a
D:6:      layout_loops_cross, nemelex_diamond_rough_becter,
          nicolae_overflow_squiral, minmay_temple_entry_nine_rooms,
          grunt_decor_clamped
D:7:      layout_basic, enter_bailey_3, st_stairs_9
Bailey:   bailey_axe_3, bailey

Skill      XL: |  1  2  3  4  5  6  7  8  9 10 |
---------------+-------------------------------+-----
Shields        | 4 5 6 8 10 | 10.2
Armour         | 4 5 6 8 9 11 | 11.5
Fighting       | 4 5 6 10 11 | 11.5
Maces & Flails | 3 5 6 7 9 11 12 | 12.6
Polearms       | 4 |  4.9
Ranged Weapons | 4 |  4.4

Action                   |  1- 3 |  4- 6 |  7- 9 | 10-12 || total
-------------------------+-------+-------+-------+-------++-------
Melee: Flail             |    90 |    82 |   191 |    66 ||   429
       Headbutt          |    12 |    15 |    26 |    33 ||    86
       Kick              |       |       |    46 |    53 ||    99
       Whip              |       |       |       |    65 ||    65
Invok: Divine Shield     |       |       |       |     1 ||     1
  Use: Potion            |       |     4 |     4 |     5 ||    13
       Scroll            |       |     1 |    14 |     1 ||    16
Armor: Scale mail        |    60 |    24 |    52 |       ||   136
       Chain mail        |       |       |    32 |    23 ||    55
       Plate armour      |       |       |       |     2 ||     2
Dodge: Dodged            |    65 |    44 |   153 |    44 ||   306
Block: Buckler           |    36 |    20 |    63 |    33 ||   152

Table legend: (Time is in decaauts)
 A = Elapsed time spent in this place.
 B = Non-inter-level travel time spent in this place.
 C = Inter-level travel time spent in this place.
 D = Time resting spent in this place.
 E = Time spent auto-exploring this place.
 F = Levels seen in this place.
 G = Mean time per level.
                   A        B        C        D        E       F      G
               +--------+--------+--------+--------+--------+-----+--------+
         Total |   7107 |   7107 |      0 |    481 |   4917 |   9 |  789.7 |
       Dungeon |   6185 |   6185 |      0 |    262 |   4476 |   7 |  883.6 |
         Sewer |    504 |    504 |      0 |      0 |    332 |   1 |  504.0 |
        Bailey |    417 |    417 |      0 |    219 |    107 |   1 |  417.0 |
               +--------+--------+--------+--------+--------+-----+--------+

Top non-repeatable levels by time:
     D:6: 1353 daAuts
     D:1: 1314 daAuts
     D:5: 1026 daAuts
     D:3: 822 daAuts
     D:2: 732 daAuts
   Sewer: 504 daAuts
     D:4: 485 daAuts
     D:7: 451 daAuts
  Bailey: 417 daAuts
